 Dungeon Crawl Stone Soup version bcrawl-1.39.1 (webtiles) character file.

Game seed: 11368165165015363721

208124 Baz the Conjurer (level 8, -13/48 HPs)
             Began as a Skeleton Fire Elementalist on Oct 4, 2023.
             Was an Initiate of Gozag.
             Killed from afar by an efreet (22 damage)
             ... with a bolt of fire
             ... on level 6 of the Dungeon.
             The game lasted 00:14:04 (6123 turns).

Baz the Conjurer (Skeleton Fire Elementalist)       Turns: 6123, Time: 00:14:05

Health: -13/48     AC:  2    Str: 14 (15) XL:     8   Next: 38%
Magic:  0/18       EV: 12    Int: 18 (19) God:    Gozag
Gold:   539        SH:  0    Dex: 14      Spells: 8/21 levels left

rFire    . . .     GDR:     26% g - +0 dagger (venom)
rCold    + . .     SeeInvis .   (no shield)
rNeg     + + +     Gourm    .   a - +0 robe
rPois    ∞         Faith    .   (no helmet)
rElec    +         Spirit   +   (no cloak)
rCorr    .         Reflect  .   (no gloves)
MR       +....                  (no boots)
Stlth    ++........             (no amulet)
HPRegen  0.18/turn              e - +5 ring of dexterity
MPRegen  0.16/turn              p - ring "Qukir" {rElec rN+ Int+3}

@: no status effects
A: no food or potions, cold resistance 1, deterioration 1, negative energy
resistance 3, powered by death 1, torment resistance, unbreathing, magic shield,
sturdy frame 1, spell healing
a: Potion Petition, Call Merchant, Bribe Branch, Renounce Religion


You were on level 6 of the Dungeon.
You worshipped Gozag.
Gozag was pleased with you.
You were not hungry.

You visited 2 branches of the dungeon, and saw 7 of its levels.

You collected 601 gold pieces.
You paid 62 gold pieces to Gozag.

Inventory:

Hand Weapons
 g - a +0 dagger of venom (weapon)
Missiles
 d - 1009 stones (quivered)
Armour
 a - a +0 robe (worn)
 j - a +0 medium shield
Jewellery
 e - a +5 ring of dexterity (left hand)
 f - an uncursed ring of stealth
 p - the ring "Qukir" (right hand) {rElec rN+ Int+3}
   (You found it on level 6 of the Dungeon)

   [ring of insulation]

   It affects your intelligence (+3).
   It insulates you from electricity.
   It protects you from negative energy.
Wands
 c - a wand of flame (3)
 m - a wand of digging (1)
Scrolls
 b - 2 scrolls of fear
 h - 6 scrolls of remove curse
 k - a scroll of amnesia
 l - a scroll of enchant armour
 n - a scroll of blinking


   Skills:
 + Level 4.0 Fighting
 - Level 2.0 Dodging
 - Level 2.4 Stealth
 + Level 7.0 Spellcasting
 * Level 7.9 Conjurations
 + Level 5.4 Fire Magic


You had 8 spell levels left.
You knew the following spells:

 Your Spells              Type           Power        Failure   Level  Hunger
a - Flame Tongue          Conj/Fire      ####.        1%          1    N/A
b - Conjure Flame         Conj/Fire      ####....     1%          3    N/A
c - Sticky Flame          Conj/Fire      ####....     7%          4    N/A
d - Fireball              Conj/Fire      ####......   19%         5    N/A

Your spell library contained the following spells:

 Spells                   Type           Power        Failure   Level  Hunger
 Flaming Arrows           Chrm/Fire      ###.....     5%          2    N/A
 Inner Flame              Hex/Fire       N/A          11%         3    N/A

Dungeon Overview and Level Annotations

Branches:
Dungeon (6/12)             Temple (1/1) D:5

Altars:
Cheibriados
Dithmenos
Gozag
Hepliaklqana
Lugonu
Makhleb
Nemelex Xobeh
Okawaru
Qazlal
Ru
Sif Muna
Trog
Uskayaw
Vehumet
Wu Jian
Yredelemnul

Annotations:
D:2 1 runed door
D:3 exclusion: kobold, Grinder
D:5 exclusion: quasit


Innate Abilities, Weirdness & Mutations

You do not eat or drink.
You are immune to poison.
Your flesh is cold resistant. (rC+)
Your body sometimes deteriorates upon taking damage.
You are immune to negative energy. (rN+++)
You regenerate a little health from kills.
You are immune to unholy pain and torment.
You can survive without breathing.
When hurt, damage is shared between your health and your magic reserves.
Your movements are slightly less encumbered by armour. (ER -2)
Casting spells heals you.


Message History

Your hound closely misses the efreet.
The efreet hits your sky beast with a +1 scimitar of flaming!!
The efreet burns your sky beast!
Your sky beast dies!
Your sky beast's corpse dissolves into shadows!
Your hound bites the efreet but does no damage.
Your hound bites the efreet but does no damage.
Your hound bites the efreet.
The efreet gestures at you.
The fireball explodes!
The fireball engulfs you! The efreet gestures at you.
The fireball explodes!
The fireball engulfs you!
Your body deteriorates!
You feel weakened. The efreet gestures at you. The bolt of fire hits you!!
* * * LOW HITPOINT WARNING * * *
The efreet gestures at you. The bolt of fire hits you!!
You die...
Your body crumbles into a pile of gold.

##########
#.°☼.R...#
#R######°# #.# #○#
#.# #○# #.##.○○°h#
#.########
#.#################
#.@................
###################


You could see an efreet.

Vanquished Creatures
  Menkaure (D:4)
  Edmund (D:5)
  2 sky beasts
  2 ogres
  A bullfrog (D:4)
  A centaur (D:4)
  A wyvern skeleton (D:5)
  4 electric eels (D:6)
  An orc priest (D:3)
  2 crimson imps (D:4)
  3 hounds
  2 iguanas (D:5)
  A worker ant (D:4)
  4 adders
  5 gnolls
  A shadow imp (D:5)
  An ooze (D:4)
  An adder zombie (D:5)
  4 worms
  2 dart slugs
  3 leopard geckos
  7 orcs
  5 bats
  2 giant cockroaches (D:2)
  7 hobgoblins
  A jackal (D:4)
  6 kobolds
  3 quokkas
  8 frilled lizards
  7 goblins
  5 rats
94 creatures vanquished.

Notes
Turn   | Place    | Note
-------+----------+-------------------------------------------
     0 | D:1      | Baz the Skeleton Fire Elementalist began the quest for the
                  | Orb.
     0 | D:1      | Reached XP level 1. HP: 10/10 MP: 4/4
   247 | D:1      | Reached XP level 2. HP: 8/15 MP: 0/6
  1002 | D:2      | Found an ornate altar of the Wu Jian Council.
  1010 | D:2      | Reached XP level 3. HP: 19/19 MP: 5/8
  1204 | D:2      | Learned a level 3 spell: Conjure Flame
  1344 | D:2      | Found a runed door.
  1379 | D:2      | Found a stormy altar of Qazlal.
  1515 | D:2      | Found a bloodstained altar of Trog.
  1762 | D:3      | Noticed Grinder
  2265 | D:3      | Reached XP level 4. HP: 24/24 MP: 7/10
  2533 | D:3      | Found a white marble altar of Elyvilon.
  2533 | D:3      | Found a basalt altar of Yredelemnul.
  2534 | D:3      | Found a snail-covered altar of Cheibriados.
  2539 | D:3      | Reached skill level 1 in Fighting
  2570 | D:3      | Noticed a sky beast
  2582 | D:3      | Killed a sky beast
  2583 | D:3      | Reached XP level 5. HP: 24/29 MP: 4/12
  2751 | D:4      | Noticed a sky beast
  2769 | D:4      | Killed a sky beast
  2770 | D:4      | Reached skill level 5 in Spellcasting
  2770 | D:4      | Gained mutation: You regenerate a little health from kills.
                  | [Skeleton growth]
  2770 | D:4      | Reached XP level 6. HP: 35/35 MP: 0/13
  2785 | D:4      | Noticed Menkaure
  2810 | D:3      | Reached skill level 5 in Conjurations
  2853 | D:3      | Learned a level 4 spell: Sticky Flame
  3231 | D:4      | Reached XP level 7. HP: 40/40 MP: 11/15
  3308 | D:4      | Killed Menkaure
  3352 | D:4      | Learned a level 5 spell: Fireball
  3559 | D:4      | Found an opulent altar of Gozag.
  3565 | D:4      | Became a worshipper of Gozag Ym Sagoz the Greedy
  3836 | D:4      | Found a glowing silver altar of Zin.
  4076 | D:5      | Entered Level 5 of the Dungeon
  4165 | D:5      | Found a basalt altar of Yredelemnul.
  4245 | D:5      | Found a staircase to the Ecumenical Temple.
  4252 | Temple   | Entered the Ecumenical Temple
  4397 | D:5      | Reached skill level 5 in Fire Magic
  4406 | D:5      | Reached XP level 8. HP: 45/46 MP: 4/17
  4707 | D:5      | Found a radiant altar of Vehumet.
  4743 | D:5      | Noticed Edmund
  4759 | D:5      | Killed Edmund
  5792 | D:6      | Found a blossoming altar of Fedhas.
  5796 | D:6      | Found a glowing golden altar of the Shining One.
  5975 | D:6      | Got a sparkling brass ring
  5977 | D:6      | Identified the ring "Qukir" {rElec rN+ Int+3} (You found it
                  | on level 6 of the Dungeon)
  6098 | D:6      | Noticed an efreet
  6123 | D:6      | Killed from afar by an efreet

Skill      XL: |  1  2  3  4  5  6  7  8 |
---------------+-------------------------+-----
Conjurations   | 2 3 4 5 7 |  7.9
Spellcasting   | 4 5 6 7 |  7.0
Fighting       | 1 2 3 4 |  4.0
Fire Magic     | 4 5 |  5.4
Dodging        | |  2.0
Stealth        | |  2.4

Action                   |  1- 3 |  4- 6 |  7- 9 || total
-------------------------+-------+-------+-------++-------
Melee: Dagger            |    15 |     7 |    50 ||    72
 Cast: Flame Tongue      |    92 |    67 |    85 ||   244
       Conjure Flame     |       |     4 |     1 ||     5
       Sticky Flame      |       |       |     1 ||     1
Evoke: Wand              |       |       |     1 ||     1
  Use: Scroll            |     2 |       |     4 ||     6
 Stab: Sleeping          |       |       |     1 ||     1
Armor: Robe              |     2 |     4 |    10 ||    16
Dodge: Dodged            |    13 |    25 |    35 ||    73
